 Dungeon Crawl Stone Soup version 0.22.1-6-g1668fe2 (console) character file.

1386 erker the Covered (level 8, -10/48 HPs)
             Began as a Gargoyle Fighter on Jan 19, 2019.
             Was an Initiate of Makhleb.
             Mangled by an orc warrior
             ... wielding a +0 mace
              (15 damage)
             ... on level 6 of the Dungeon.
             The game lasted 00:15:08 (5261 turns).

erker the Covered (Gargoyle Fighter)                Turns: 5261, Time: 00:15:08

Health: -10/48     AC: 15    Str: 22    XL:     8   Next: 67%
Magic:  10/10      EV:  5    Int: 14    God:    Makhleb [......]
Gold:   256        SH: 10    Dex:  9    Spells: 7/7 levels left

rFire    . . .     SeeInvis .   u - +3 whip {slash, *Noise +Inv rPois Int+5}
rCold    . . .     Gourm    +   c - +0 shield
rNeg     + . .     Faith    .   x - +0 chain mail (curse)
rPois    ∞         Spirit   .   (no helmet)
rElec    +         Reflect  .   (no cloak)
rCorr    +         Harm     .   (no gloves)
MR       .....                  (no boots)
Stlth    ..........             l - amulet of the gourmand
HPRegen  0.16/turn              p - -2 ring of evasion (curse)
MPRegen  0.12/turn              C - ring of resist corrosion

@: no status effects
A: negative energy resistance 1, electricity resistance, unbreathing,
petrification resistance, rot immunity, AC +5
a: Renounce Religion, Evoke Invisibility


You were on level 6 of the Dungeon.
You worshipped Makhleb.
Makhleb was noncommittal.
You were very full.

You visited 2 branches of the dungeon, and saw 8 of its levels.

You collected 256 gold pieces.

Inventory:

Hand Weapons
 a - a +0 flail
 u - the +3 whip "Vabbeity" (weapon) {slash, *Noise +Inv rPois Int+5}
   (You found it on level 5 of the Dungeon)

   It inflicts extra damage upon your enemies.
   It affects your intelligence (+5).
   It protects you from poison.
   It lets you turn invisible.
   It may make noises in combat.
Missiles
 b - 5 tomahawks
 s - 38 poisoned needles
 z - 5 poisoned javelins (quivered)
Armour
 c - a +0 shield (worn)
 x - a cursed +0 chain mail (worn)
Magical Staves
 q - an uncursed staff of earth
Jewellery
 l - an amulet of the gourmand (around neck)
 p - a cursed -2 ring of evasion (left hand)
 C - a ring of resist corrosion (right hand)
Wands
 t - a wand of iceblast (9)
Scrolls
 e - 3 scrolls of amnesia {unknown}
 i - 2 scrolls of enchant armour {unknown}
 j - 9 scrolls of identify {unknown}
 o - 2 scrolls of remove curse {unknown}
 r - 4 scrolls of teleportation {unknown}
 w - 2 scrolls of immolation {unknown}
 y - a scroll of magic mapping {unknown}
 D - a scroll of fog {unknown}
Potions
 d - a potion of might
 g - 2 potions of lignification {unknown}
 h - 4 potions of magic
 k - a potion of cancellation {unknown}
 m - a potion of berserk rage {unknown}
 n - 4 potions of resistance {unknown}
 v - a potion of ambrosia {unknown}
 A - 3 potions of curing {unknown}
 B - a potion of haste {unknown}
 E - a potion of heal wounds {unknown}
Comestibles
 f - 14 rations


   Skills:
 + Level 4.9 Fighting
 - Level 3.7(4.4) Maces & Flails
 * Level 3.4(4.2) Staves
 + Level 1.3 Throwing
 + Level 6.1 Armour
 + Level 2.2 Dodging
 + Level 6.0 Shields
 * Level 3.2 Evocations


You had 7 spell levels left.
You didn't know any spells.
Your spell library was empty.

Dungeon Overview and Level Annotations

Branches:
Dungeon (7/15)             Temple (1/1) D:6

Altars:
Ashenzari
Cheibriados
Dithmenos
Gozag
Hepliaklqana
Kikubaaqudgha
Makhleb
Nemelex Xobeh
Okawaru
Qazlal
Ru
Sif Muna
Uskayaw
Xom
Yredelemnul
Zin
The Shining One

Annotations:
D:7 Joseph


Innate Abilities, Weirdness & Mutations

You are resistant to torment.
Your stone body is resilient. (AC +5)
You are immune to poison.
You resist negative energy. (rN+)
You are resistant to electric shocks. (rElec)
You can survive without breathing.
You are immune to petrification.
You are immune to rotting.


Message History

You are too injured to fight recklessly!
You are too injured to fight recklessly!
You are too injured to fight recklessly!
You are too injured to fight recklessly!
The centaur zombie hits you.
* * * LOW HITPOINT WARNING * * *
You block the orc's attack. The orc hits you but does no damage.
You block the centaur zombie's attack.
You climb upwards.
There is a stone staircase leading down here.
You hit the orc warrior but do no damage.
The orc warrior is almost dead.
The orc warrior hits you with a mace!
* * * LOW HITPOINT WARNING * * *
You block the orc's attack. The orc barely misses you.
The orc throws a tomahawk.
The tomahawk closely misses you.
You see here a tomahawk.
It was a potion of magic.
Magic courses through your body. The orc hits you but does no damage.
The orc warrior hits you with a mace!
You die...

#.# #.# #.#
####.####
####.###.#
#.......#
#........#
#.......#
#.#..#####
#.......####.#.##
#............#.#
#.......######.##
#....ooo# #..#
#....@..# ##.#
######### #.# #.#
#.# #.# #.#
#.#### #....#
####.#


You could see an orc warrior and 2 orcs.

Vanquished Creatures
  A black bear (D:6)
  An ice beast (D:5)
  A sky beast (D:5)
  4 ogres
  A centaur (D:7)
  A howler monkey (D:4)
  A crimson imp (D:6)
  2 bullfrog zombies
  3 orc priests
  2 hounds
  2 iguanas (D:4)
  2 orc wizards
  A centaur skeleton (D:4)
  2 worker ants
  6 gnolls
  4 adders
  A shadow imp (D:3)
  2 worms
  3 dart slugs
  5 leopard geckos
  10 orcs
  6 bats
  4 giant cockroaches (D:1)
  2 goblins
  11 hobgoblins
  15 jackals
  6 kobolds
  2 quokkas
  4 ball pythons
  2 frilled lizards (D:2)
  A quokka skeleton (D:5)
  7 rats
115 creatures vanquished.

Notes
Turn   | Place    | Note
-------+----------+-------------------------------------------
     0 | D:1      | erker the Gargoyle Fighter began the quest for the Orb.
     0 | D:1      | Reached XP level 1. HP: 14/14 MP: 1/1
   102 | D:1      | Reached XP level 2. HP: 19/19 MP: 2/2
   331 | D:1      | Reached XP level 3. HP: 17/23 MP: 3/3
   800 | D:2      | Found a basalt altar of Yredelemnul.
  1076 | D:2      | Reached XP level 4. HP: 22/29 MP: 4/4
  1268 | D:2      | Found a stormy altar of Qazlal.
  1640 | D:3      | Reached XP level 5. HP: 25/33 MP: 5/5
  1733 | D:3      | Found a shattered altar of Ashenzari.
  2016 | D:3      | Reached skill level 1 in Dodging
  2113 | D:4      | Reached XP level 6. HP: 37/38 MP: 6/6
  2190 | D:4      | HP: 1/38 [ogre/giant club (6)]
  2195 | D:4      | Reached skill level 1 in Staves
  2195 | D:4      | Reached skill level 1 in Evocations
  2519 | D:4      | Found an opulent altar of Gozag.
  2519 | D:4      | Found a sacrificial altar of Ru.
  2590 | D:4      | Reached XP level 7. HP: 31/43 MP: 8/8
  3129 | D:5      | Entered Level 5 of the Dungeon
  3150 | D:5      | Found a shadowy altar of Dithmenos.
  3170 | D:5      | Got a crystal whip
  3171 | D:5      | Identified the +3 whip "Vabbeity" {slash, *Noise +Inv rPois
                  | Int+5} (You found it on level 5 of the Dungeon)
  3205 | D:5      | Reached skill level 5 in Shields
  3253 | D:5      | Reached skill level 5 in Armour
  3531 | D:5      | Found a snail-covered altar of Cheibriados.
  3713 | D:5      | Reached XP level 8. HP: 21/48 MP: 7/9
  4015 | D:5      | Found a glowing silver altar of Zin.
  4185 | D:5      | Found a shattered altar of Ashenzari.
  4703 | D:6      | Reached skill level 1 in Throwing
  4783 | D:6      | Found a staircase to the Ecumenical Temple.
  4832 | Temple   | Entered the Ecumenical Temple
  4930 | Temple   | Became a worshipper of Makhleb the Destroyer
  5171 | D:5      | Found a hazy altar of Hepliaklqana.
  5257 | D:7      | Noticed Joseph
  5261 | D:6      | Mangled by an orc warrior

Skill      XL: |  1  2  3  4  5  6  7  8 |
---------------+-------------------------+-----
Shields        | 4 5 6 |  6.0
Maces & Flails | 3 |  3.7
Armour         | 4 5 6 |  6.1
Dodging        | 1 2 |  2.2
Fighting       | 4 |  4.9
Staves         | 1 2 3 |  3.4
Evocations     | 1 2 3 |  3.2
Throwing       | 1 |  1.3

Action                   |  1- 3 |  4- 6 |  7- 9 || total
-------------------------+-------+-------+-------++-------
Melee: Flail             |   217 |   192 |    20 ||   429
       Staff             |       |    23 |       ||    23
       Whip              |       |       |   167 ||   167
Throw: Tomahawk          |       |       |    13 ||    13
       Javelin           |       |       |     2 ||     2
 Abil: Evoke Invisibilit |       |       |     2 ||     2
Evoke: Wand              |       |     1 |     1 ||     2
  Use: Potion            |       |       |     1 ||     1
 Stab: Invisible         |       |       |     3 ||     3
  Eat: Chunk             |    14 |    15 |     7 ||    36
Armor: Scale mail        |   156 |   130 |     6 ||   292
       Chain mail        |       |       |   138 ||   138
Dodge: Dodged            |    96 |    74 |    41 ||   211
Block: Shield            |   133 |   137 |   102 ||   372
